 Dungeon Crawl Stone Soup version 0.27-a0-1177-g245c70e1c0 (webtiles) character file.

Game seed: 5843104118323601698

42 quinnr the Slasher (level 3, -2/43 HPs)
             Began as a Barachi Fighter on Apr 29, 2021.
             Slain by Robin
             ... wielding a +0 dagger
              (6 damage)
             ... on level 2 of the Dungeon on May 17, 2021.
             The game lasted 00:08:09 (1604 turns).

quinnr the Slasher (Barachi Fighter)                Turns: 1604, Time: 00:08:09

Health: -2/43      AC:  0    Str: 18    XL:     3   Next: 56%
Magic:  3/3        EV: 11    Int:  8    God:
Gold:   80         SH:  0    Dex: 11    Spells: 1/2 levels left

rFire    . . .     SeeInvis .   a - +0 long sword
rCold    . . .     Faith    .   (no shield)
rNeg     . . .     Spirit   .   (no armour)
rPois    .         Reflect  .   (no helmet)
rElec    .         Harm     .   (no cloak)
rCorr    .         Rampage  .   (no gloves)
Will     .....                  (no boots)
Stlth    ..........             (no amulet)
HPRegen  0.14/turn              (no ring)
MPRegen  0.08/turn              (no ring)

@: berserking, quick
A: amphibious, slowness 1, strong legs 1, +LOS
a: Hop


You were on level 2 of the Dungeon.
You visited 1 branch of the dungeon, and saw 2 of its levels.

You collected 80 gold pieces.

Inventory:

Hand Weapons
 a - a +0 long sword (weapon)
Missiles
 e - 52 stones (quivered)
Armour
 b - a +0 scale mail
 c - a +0 kite shield
 f - a +0 chain mail
Scrolls
 g - 3 scrolls of noise {unknown}
 j - 2 scrolls of vulnerability {unknown}
Potions
 d - a potion of might
 h - a potion of berserk rage
 i - a potion of heal wounds {unknown}
 k - 2 potions of curing {unknown}


   Skills:
 - Level 3.6 Fighting
 - Level 4.1 Long Blades
 - Level 3.6 Armour
 - Level 3.2 Shields
 + Level 0.2 Spellcasting
 + Level 1.5 Transmutations


You had one spell level left.
You knew the following spells:

 Your Spells              Type           Power      Damage    Failure   Level
a - Beastly Appendage     Tmut           4%         N/A       22%         1

Your spell library contained the following spells:

 Spells                   Type           Power      Damage    Failure   Level
 Wereblood                Tmut           2%         N/A       34%         2
 Spider Form              Tmut/Pois      0%         N/A       67%         3
 Ice Form                 Ice/Tmut       1%         N/A       97%         4
 Hydra Form               Tmut           1%         N/A       99%         5


Dungeon Overview and Level Annotations

Branches:
Dungeon (2/15)

Altars:
Yredelemnul

Annotations:
D:2 Robin


Innate Abilities, Weirdness & Mutations

You are amphibious.
You cover ground slowly.
You can hop short distances.
You have an extended range of vision and can be seen from far away.


Message History

You kill the goblin!
Things that are here:
a +0 club; a goblin corpse HP restored.
You open the door.
There is an open door here. 3 goblins come into view.
The goblin shouts! x3; You hear a shout! x2
Robin of the Strong Arm comes into view.
They are wielding a +0 dagger.
Robin shouts!
Robin says, "Feeling lonely?"
Robin roars a battlecry!
The goblins go into a battle-frenzy!
The goblin hits you with a +0 club. The goblin hits you with a +0 club.
The goblin no longer looks unusually strong.
The goblin hits you with a +0 club.
The goblin no longer looks unusually strong.
You slash the goblin!
You kill the goblin!
Robin throws the goblin at you! The goblin hits you with a +0 club.
Robin roars a battlecry!
The goblins go into a battle-frenzy!
You slash the goblin!
You kill the goblin!
Robin's bangles clink loudly.
You hit the goblin.
You kill the goblin!
Robin says, "Duck!"
You barely miss Robin. Robin hits you with a +0 dagger.
* * * LOW HITPOINT WARNING * * *
You slash Robin!
Robin is heavily wounded.
Robin barely misses you. Robin hits you with a +0 dagger.
* * * LOW HITPOINT WARNING * * *
It was a potion of berserk rage.
A red film seems to cover your vision as you go berserk!
You feel yourself moving faster!
You feel mighty! Robin hits you with a +0 dagger.
You die...

................##
#####......#.....#
....#......#.....#####
....+......+.........##
###.#......#.....###..#
# #......#.###.# ##.##
# # #......#.# #.# #..#
# #.#.._...#'###g#
##.## #...........##@#
#.g# #...........##+###
##.##
#........).......# #..#
#................#
##.## #.#
#................# #..#
#g# #.################
##.# #.# #. #.## #g# .
#..# #.## ##.# #g..


You could see Robin.

Vanquished Creatures
  A dart slug (D:1)
  4 ball pythons
  4 bats (D:1)
  4 endoplasms (D:1)
  A giant cockroach (D:1)
  4 goblins (D:2)
  8 jackals (D:1)
  A quokka (D:1)
  A frilled lizard (D:1)
  3 kobolds (D:1)
  2 rats (D:1)
33 creatures vanquished.

Notes
Turn   | Place    | Note
-------+----------+-------------------------------------------
     0 | D:1      | quinnr the Barachi Fighter began the quest for the Orb.
     0 | D:1      | Reached XP level 1. HP: 18/18 MP: 1/1
    20 | D:1      | Upgraded the game from 0.27-a0-1105-g946c659c87 to
                  | 0.27-a0-1177-g245c70e1c0
   252 | D:1      | Reached skill level 3 in Long Blades
   394 | D:1      | Reached XP level 2. HP: 24/24 MP: 2/2
   614 | D:1      | Learned a level 1 spell: Beastly Appendage
   806 | D:1      | Reached skill level 1 in Transmutations
   806 | D:1      | Reached XP level 3. HP: 29/29 MP: 3/3
   829 | D:1      | Reached skill level 4 in Long Blades
  1361 | D:2      | Found a basalt altar of Yredelemnul.
  1570 | D:2      | Noticed Robin
  1604 | D:2      | Slain by Robin

Illustrated notes

Levels and vault maps discovered:
D:1:      dpeg_arrival_tiny_a, layout_basic
D:2:      layout_basic, basic_altar, uniq_robin

Skill      XL: |  1  2  3 |
---------------+----------+-----
Long Blades    | 3 4 |  4.1
Transmutations | 1 |  1.5
Fighting       | |  3.6
Armour         | |  3.6
Shields        | |  3.2
Spellcasting   | |  0.2

Action                   || total
-------------------------++-------
Melee: Long sword        ||   105
Throw: Stone             ||     3
  Use: Potion            ||     1
Armor: Chain mail        ||    54
       Scale mail        ||     8
Dodge: Dodged            ||    21
Block: Kite shield       ||    55
       Rpst.: Long sword ||    11

Table legend: (Time is in decaauts)
 A = Elapsed time spent in this place.
 B = Non-inter-level travel time spent in this place.
 C = Inter-level travel time spent in this place.
 D = Time resting spent in this place.
 E = Time spent auto-exploring this place.
 F = Levels seen in this place.
 G = Mean time per level.
                   A        B        C        D        E       F      G
               +--------+--------+--------+--------+--------+-----+--------+
         Total |   1860 |   1621 |    239 |     54 |   1181 |   2 |  930.0 |
       Dungeon |   1860 |   1621 |    239 |     54 |   1181 |   2 |  930.0 |
               +--------+--------+--------+--------+--------+-----+--------+

Top non-repeatable levels by time:
     D:1: 1522 daAuts
     D:2: 337 daAuts
